 Dungeon Sprint DCSS version 0.22-a0-274-gf8199ec (webtiles) character file.

192 Kidiri the Slasher (level 5, -2/43 HPs)
             Began as a Demonspawn Monk on Mar 13, 2018.
             Was a Priest of Wu Jian.
             Slain by a warg (12 damage)
             ... in the Dungeon (Sprint VII: "The Pits").
             The game lasted 00:03:51 (571 turns).

Kidiri the Slasher (Demonspawn Monk)                 Turns: 571, Time: 00:03:52

Health: -2/43      AC:  0    Str: 12    XL:     5   Next: 42%
Magic:  5/5        EV: 15    Int: 12    God:    Wu Jian [***...]
Gold:   0          SH:  4    Dex: 15    Spells: 4/4 levels left

rFire    . . .     SeeInvis .   a - +2 falchion
rCold    . . .     Gourm    .   (no shield)
rNeg     . . .     Faith    .   (no armour)
rPois    .         Spirit   .   (no helmet)
rElec    .         Reflect  .   (no cloak)
rCorr    .         Harm     .   (no gloves)
MR       .....     NoTele   +   (no boots)
Stlth    ++........             (no amulet)
HPRegen  0.14/turn              (no ring)
MPRegen  0.09/turn              (no ring)

@: exhausted, berserk cooldown, slowed, glowing, heavenly storm, very slow
A: talons 1, large bone plates 1, powered by death 1
a: Wall Jump, Serpent's Lash, Renounce Religion


You were in the Dungeon.
You worshipped Wu Jian.
Wu Jian was most pleased with you.
You were not hungry.

You visited 1 branch

Inventory:

Hand Weapons
 a - a +2 falchion (weapon)
Missiles
 o - 12 stones (quivered)
Armour
 b - a +3 ring mail
Scrolls
 i - a scroll of blinking
 l - 3 scrolls of remove curse
 m - 5 scrolls of amnesia
 n - a scroll of summoning
Potions
 d - 5 potions of curing
 e - 4 potions of heal wounds
 f - a potion of haste
 g - 4 potions of magic
 h - 2 potions of berserk rage
 k - 2 potions of invisibility
Comestibles
 c - 9 rations
 j - 14 chunks of flesh


   Skills:
 + Level 4.7 Fighting
 * Level 5.5 Long Blades
 + Level 3.1 Throwing
 + Level 3.1 Armour
 * Level 5.5 Dodging
 * Level 5.5 Stealth


You had 4 spell levels left.
You didn't know any spells.

Dungeon Overview and Level Annotations

Branches:
Dungeon (1/1)

Altars:
Ashenzari
Cheibriados
Dithmenos
Elyvilon
Fedhas
Gozag
Hepliaklqana
Kikubaaqudgha
Makhleb
Nemelex Xobeh
Okawaru
Qazlal
Ru
Sif Muna
Trog
Uskayaw
Vehumet
Wu Jian
Xom
Yredelemnul
Zin
The Shining One
Beogh
Jiyva
Lugonu

Annotations:
D exclusions: 6 doors and 6 more exclusions


Innate Abilities, Weirdness & Mutations

You have sharp toenails.
You are partially covered in large bone plates. (SH +4)
You regenerate a little health from kills.


Message History

The air is filled with shimmering golden clouds!
Sifu Sun Luban says: The storm will not cease as long as you keep fighting, disciple!
You can no longer summon a storm of heavenly clouds.
You hear a shout!
The warg barely misses you.
You riposte.
You barely miss the warg. You claw the warg!
The warg is moderately wounded.
The gnoll sergeant hits you from afar with a spear.
You block the warg's attack.
Your muscles tense, ready for explosive movement...
Your supernatural speed expires.
Unknown command.
You block the gnoll sergeant's attack. The warg bites you.
The gnoll sergeant closely misses you. The warg bites you!
* * * LOW HITPOINT WARNING * * *
Unknown command.
You spin and attack the warg.
You slash the warg!
The warg is heavily wounded.
The warg bites you!
You die...

############
#_________.#
#_________.#
#_______...#######
##########+##.....
#.?|.+)))+.##.....
##########.##.....
#@ยงยงยง.......'.....
#h#####+#####.....
#g#..#..#..##.....
#)#[.+..+..#####+#
#)##+####+###.....
#.#........##.....
#.#.[.)....##.....
#g#####+#####...<.
#.#...)))[.##.....


You could see a warg (pinned) and a gnoll sergeant.

Vanquished Creatures
  A porcupine (D)
  5 gnolls (D)
  3 adders (D)
  A worm (D)
  2 orcs (D)
  2 bats (D)
  2 jackals (D)
  A kobold (D)
  A quokka (D)
18 creatures vanquished.

Notes
Turn   | Place    | Note
-------+----------+-------------------------------------------
     0 | D        | Kidiri the Demonspawn Monk began the quest for the Orb.
     0 | D        | Reached XP level 1. HP: 18/18 MP: 1/1
    84 | D        | Found a bloodstained altar of Trog.
    84 | D        | Found a deep blue altar of Sif Muna.
    84 | D        | Found a viscous altar of Jiyva.
    84 | D        | Found a hazy altar of Hepliaklqana.
    84 | D        | Found an opulent altar of Gozag.
    85 | D        | Found a glowing golden altar of the Shining One.
    85 | D        | Found a glowing silver altar of Zin.
    85 | D        | Found a basalt altar of Yredelemnul.
    85 | D        | Found a shimmering altar of Xom.
    85 | D        | Found an ornate altar of the Wu Jian Council.
    85 | D        | Found a sacrificial altar of Ru.
    85 | D        | Found a stormy altar of Qazlal.
    85 | D        | Found an iron altar of Okawaru.
    85 | D        | Found a sparkling altar of Nemelex Xobeh.
    85 | D        | Found a burning altar of Makhleb.
    85 | D        | Found a blossoming altar of Fedhas.
    85 | D        | Found a white marble altar of Elyvilon.
    85 | D        | Found a shadowy altar of Dithmenos.
    85 | D        | Found a snail-covered altar of Cheibriados.
    87 | D        | Found a radiant altar of Vehumet.
    87 | D        | Found a corrupted altar of Lugonu.
    87 | D        | Found a roughly hewn altar of Beogh.
    88 | D        | Found a hide-covered altar of Uskayaw.
    88 | D        | Found an ancient bone altar of Kikubaaqudgha.
    88 | D        | Found a shattered altar of Ashenzari.
    94 | D        | Became a worshipper of the Wu Jian Council
    94 | D        | Reached * piety under Wu Jian
    94 | D        | Reached ** piety under Wu Jian
   130 | D        | Reached skill level 1 in Throwing
   130 | D        | Reached skill level 1 in Armour
   130 | D        | Gained mutation: You have sharp toenails. [demonic ancestry]
   130 | D        | Reached XP level 2. HP: 14/24 MP: 2/2
   255 | D        | Reached *** piety under Wu Jian
   412 | D        | Gained mutation: You are partially covered in large bone plates. (SH +4) [demonic ancestry]
   412 | D        | Reached XP level 3. HP: 26/29 MP: 3/3
   418 | D        | Reached **** piety under Wu Jian
   507 | D        | Noticed a porcupine
   537 | D        | Reached XP level 4. HP: 37/37 MP: 4/4
   542 | D        | Killed a porcupine
   542 | D        | Reached ***** piety under Wu Jian
   542 | D        | Reached skill level 5 in Long Blades
   542 | D        | Reached skill level 5 in Dodging
   542 | D        | Reached skill level 5 in Stealth
   542 | D        | Gained mutation: You regenerate a little health from kills. [demonic ancestry]
   542 | D        | Reached XP level 5. HP: 43/43 MP: 5/5
   561 | D        | Noticed a warg
   571 | D        | Slain by a warg

Vault maps used:
D:        pitsprint

Skill      XL: |  1  2  3  4 |
---------------+-------------+-----
Stealth        | 2 3 4 5 |  5.5
Long Blades    | 3 4 5 |  5.5
Dodging        | 3 4 5 |  5.5
Throwing       | 1 2 3 |  3.1
Armour         | 1 2 3 |  3.1
Fighting       | 4 |  4.7

Action                   |  1- 3 |  4- 6 || total
-------------------------+-------+-------++-------
Melee: Falchion          |    45 |     9 ||    54
       Kick              |     6 |     1 ||     7
Throw: Stone             |     2 |       ||     2
Invok: Whirlwind         |    22 |     1 ||    23
       Lunge             |     6 |     1 ||     7
       Wall Jump         |     1 |     1 ||     2
       Serpent's Lash    |     1 |     1 ||     2
       Heavenly Storm    |       |     1 ||     1
  Use: Potion            |     4 |       ||     4
 Stab: Sleeping          |     2 |       ||     2
Armor: Robe              |     1 |       ||     1
       Leather armour    |     2 |       ||     2
Dodge: Dodged            |    26 |    10 ||    36
Block: Other             |     3 |     3 ||     6
       Rpst.: Falchion   |     7 |     5 ||    12

Table legend:
 A = Spawn XP
 B = Non-spawn XP
 C = Spawn XP percentage of total XP
 D = Spawn monster count
 E = Non-spawn monster count
 F = Spawn count percentage of total count
 G = Total turns spent on level
                    A         B        C        D         E        F      G
               +---------+---------+-------+---------+---------+-------+---------
         Total |       0 |     275 |   0.0 |       0 |      18 |   0.0 |   571
               +---------+---------+-------+---------+---------+-------+---------
             D |       0 |     275 |   0.0 |       0 |      18 |   0.0 |   571
               +---------+---------+-------+---------+---------+-------+---------
